Stars vs Canucks

Created - November 11, 2015 at 17:29

Goals
1 2 3 OT1 SO T
Stars 1 0 2 0 1 3
Canucks 1 1 1 0 2 4
Shots
1 2 3 OT1 SO T
Stars 10 13 14 1 3 38
Canucks 14 7 14 5 3 40

1st period

1. Canucks , Claude Giroux 6 (Alex Pietrangelo, Andrei Markov) at 0:22
2. Stars , David Backes 9 (Kris Letang, Evgeni Malkin) at 10:05 (PP)

Penalties :
Clayton Stoner (DAL) for Tripping (Minor) at 1:07, Jimmy Hayes (VAN) for Hooking (Minor) at 4:08, Chris Kreider (VAN) for Holding Stick (Minor) at 9:28, Simon Despres (VAN) for High sticking (Minor) at 11:28

2nd period

3. Canucks , Chris Kreider 7 (Ryan Strome, Claude Giroux) at 4:12

Penalties :
Clayton Stoner (DAL) for Hooking (Minor) at 1:54, Nikita Kucherov (DAL) for Hooking (Minor) at 4:32, Clayton Stoner (DAL) for High sticking (Minor) at 6:41, Alex Pietrangelo (VAN) for Checking from behind (Major / Game Misconduct) at 15:57

3rd period

4. Canucks , Claude Giroux 7 (Ryan Strome, Brent Burns) at 1:36
5. Stars , Nikita Kucherov 7 (Eric Staal, Mark Stuart) at 14:42
6. Stars , Eric Staal 4 (Nikita Kucherov) at 14:53

Penalties :
Kris Letang (DAL) for Hooking (Minor) at 4:30, Marcus Kruger (VAN) for Fighting (Major) at 10:59, Rob Scuderi (DAL) for Fighting (Major) at 10:59, Rob Scuderi (DAL) for instigated a fight (Game Misconduct) at 10:59, Chris Kreider (VAN) for Cross-checking (Minor) at 15:11, Mark Stuart (DAL) for Hooking (Minor) at 17:23

Overtime #1

No Goal

Penalties :
No Penalty

Shootout

Penalty Shot by Tyler Seguin for Stars - Stopped by Henrik Lundqvist
Penalty Shot by Claude Giroux for Canucks - Goal!
Penalty Shot by Evgeni Malkin for Stars - Goal!
Penalty Shot by Ryan Johansen for Canucks - Shot Misses the Net
Penalty Shot by Nikita Kucherov for Stars - Stopped by Henrik Lundqvist
Penalty Shot by Brent Burns for Canucks - Goal!

Penalties :
No Penalty

Goalie Stats

Ben Bishop (DAL), 37 saves from 40 shots - (0.925), OTL, 6-6-2, 65:00 minutes
Henrik Lundqvist (VAN), 35 saves from 38 shots - (0.921), W, 11-5-0, 65:00 minutes

Players Stats for Stars

Player Name              G  A  P  +/- PIM S  H  SB GA TA FO     MP     PP MP  PK MP  
------------------------------------------------------------------------------------
Anthony Duclair          0  0  0  -1  0   7  0  0  0  0  0/0    18:26   5:39   0:00 
Bryan Bickell            0  0  0   0  0   0  0  0  0  0  0/0     0:29   0:00   0:14 
Clayton Stoner           0  0  0   2  6   1  1  1  0  0  0/0    13:20   0:20   3:07 
David Backes             1  0  1  -1  0   3  8  0  0  0  20/38  27:15   5:46   8:25 
Eric Staal               1  1  2   1  0   5  1  0  0  0  11/22  24:38   5:47   5:28 
Evgeni Malkin            0  1  1  -1  0   6  0  0  0  0  2/6    29:36   5:46   8:25 
John Mitchell            0  0  0   0  0   1  2  0  0  0  4/13    7:07   0:00   0:00 
Kris Letang              0  1  1  -1  2   4  4  4  0  0  0/0    30:49   6:16   7:17 
Kyle Palmieri            0  0  0   0  0   2  0  0  0  0  0/0    12:19   5:12   0:00 
Mark Stuart              0  1  1   0  2   0  3  1  0  0  0/0    18:14   0:57   4:55 
Nikita Kucherov          1  1  2   1  2   3  4  0  0  0  1/5    18:54   5:32   0:00 
Olli Maatta              0  0  0  -1  0   0  0  0  0  0  0/0    28:30   4:57   8:19 
Patrik Elias             0  0  0   1  0   2  0  0  0  0  1/3    19:17   5:47   0:00 
Rob Scuderi              0  0  0  -2  17  0  0  1  0  0  0/0    14:15   0:00   3:59 
Sven Baertschi           0  0  0  -1  0   0  0  0  0  0  0/0     3:18   0:00   0:00 
Tyler Gaudet             0  0  0  -1  0   0  0  0  0  0  1/3     3:18   0:00   0:00 
Tyler Seguin             0  0  0  -1  0   4  0  0  0  0  4/9    26:31   5:46   5:14 
Vyacheslav Voynov        0  0  0   0  0   0  1  0  0  0  0/0     9:44   0:00   0:09 

Players Stats for Canucks

Player Name              G  A  P  +/- PIM S  H  SB GA TA FO     MP     PP MP  PK MP  
------------------------------------------------------------------------------------
Adam Henrique            0  0  0  -1  0   0  1  1  0  0  3/4    20:30   6:04   5:48 
Alex Pietrangelo         0  1  1   1  15  1  1  0  0  0  0/0    13:45   3:29   1:55 
Andrei Markov            0  1  1   0  0   3  1  2  0  0  0/0    29:06   6:47   6:13 
Brent Burns              0  1  1   1  0   0  1  3  0  0  0/0    23:06   7:06   3:37 
Chris Kreider            1  0  1   2  4   1  3  1  0  0  0/0    13:57   0:00   0:00 
Claude Giroux            2  1  3   2  0   11 1  0  0  0  18/33  24:47   7:49   0:00 
Erik Karlsson            0  0  0   1  0   2  1  0  0  0  0/0    22:05   6:47   0:00 
Evgeny Kuznetsov         0  0  0   0  0   2  2  0  0  0  6/12    8:15   6:04   0:00 
Jimmy Hayes              0  0  0  -1  2   0  1  0  0  0  2/2     8:37   0:00   0:00 
Jonas Brodin             0  0  0  -1  0   1  0  2  0  0  0/0    23:45   3:37   5:30 
Logan Couture            0  0  0   0  0   6  1  0  0  0  7/12   22:34   7:49   4:59 
Marcus Kruger            0  0  0   0  5   0  0  0  0  0  10/19  15:11   0:00   5:37 
Matt Cooke               0  0  0   0  0   0  1  0  0  0  0/0     8:33   0:00   6:22 
Phil Kessel              0  0  0   0  0   4  1  0  0  0  0/0    15:50   6:04   0:00 
Reilly Smith             0  0  0   0  0   2  1  0  0  0  1/1     4:45   0:00   0:20 
Ryan Johansen            0  0  0  -1  0   3  0  0  0  0  8/16   19:24   7:49   0:00 
Ryan Strome              0  2  2   2  0   4  1  0  0  0  0/0    16:00   0:00   0:00 
Simon Despres            0  0  0   0  2   0  2  2  0  0  0/0    18:11   0:00   5:51 

3 Stars

1 - Claude Giroux (VAN)
2 - Eric Staal (DAL)
3 - Nikita Kucherov (DAL)

Power Play

Stars - 1 on 5 Attempt(s) - 20.00%
Canucks - 0 on 7 Attempt(s) - 0.00%

Penalty Kill

Stars - 7 on 7 Attempt(s) - 100.00% - Score 0 goal in Penalty Kill
Canucks - 4 on 5 Attempt(s) - 80.00% - Score 0 goal in Penalty Kill

Team Stat

Stars - Hits : 24 - Faceoff Wins : 44 - Blocked Shots : 7 - Penalty Minutes : 29
Canucks - Hits : 19 - Faceoff Wins : 55 - Blocked Shots : 11 - Penalty Minutes : 28

Official

Referees : Jean Hebert and Graham Skiliter
Linesman : Greg Devorski and Pierre Racicot

Game Notes

Alex Pietrangelo ejected from game at 15:57 of 2nd period
Marcus Kruger beats up Rob Scuderi at 10:59 of 3rd period
Rob Scuderi ejected from game at 10:59 of 3rd period

Finance

Level 1 -- Attendance: 5851 (90.02%) -- Ticket Income $468,080
Level 2 -- Attendance: 5000 (100.00%) -- Ticket Income $325,000
Level 3 -- Attendance: 2908 (83.09%) -- Ticket Income $145,400
Level 4 -- Attendance: 2910 (100.00%) -- Ticket Income $72,750
Luxury Box -- Attendance: 725 (72.50%) -- Ticket Income $181,250
Game was played at the Rogers Arena.
Total Attendance: 17394 (91.98%)
Total Ticket Income: $1,192,480
Other Income: $178,872
Total Income: $1,371,352

% Time on Ice - Stars

Lines # - Real PCT - Wanted PCT - Time Play
Normal Forward
1 - 37% - 39% - 12:43
2 - 33% - 37% - 11:26
3 - 21% - 19% - 7:07
4 - 10% - 5% - 3:18
Normal Defense
1 - 38% - 40% - 13:10
2 - 34% - 35% - 11:49
3 - 28% - 15% - 9:35
4 - 0% - 10% - 0:00
PP Forward
1 - 50% - 50% - 5:46
2 - 50% - 50% - 5:47
PP Defense
1 - 57% - 60% - 6:36
2 - 43% - 40% - 4:57
PK Forward
1 - 62% - 60% - 8:39
2 - 38% - 40% - 5:14
PK Defense
1 - 52% - 75% - 7:09
2 - 48% - 25% - 6:44
PK3 Forward
1 - 0% - 60%
2 - 0% - 40%
PK3 Defense
1 - 0% - 75%
2 - 0% - 25%
44 Forward
1 - 61% - 60% - 3:03
2 - 39% - 40% - 1:57
44 Defense
1 - 59% - 70% - 2:56
2 - 41% - 30% - 2:04
Last Minute Offensive  - 0:00
Last Minute Defensive  - 0:00
Total
Forward - 65:00
Defense - 65:00

% Time on Ice - Canucks

Lines # - Real PCT - Wanted PCT - Time Play
Normal Forward
1 - 40% - 36% - 13:59
2 - 28% - 28% - 9:46
3 - 25% - 24% - 8:38
4 - 6% - 12% - 2:11
Normal Defense
1 - 39% - 35% - 13:26
2 - 27% - 32% - 9:30
3 - 29% - 27% - 10:01
4 - 5% - 6% - 1:37
PP Forward
1 - 56% - 60% - 7:49
2 - 44% - 40% - 6:04
PP Defense
1 - 49% - 53% - 6:47
2 - 51% - 47% - 7:06
PK Forward
1 - 57% - 51% - 6:34
2 - 43% - 49% - 4:59
PK Defense
1 - 65% - 50% - 7:33
2 - 35% - 50% - 4:00
PK3 Forward
1 - 0% - 52%
2 - 0% - 48%
PK3 Defense
1 - 0% - 51%
2 - 0% - 49%
44 Forward
1 - 60% - 55% - 2:59
2 - 40% - 45% - 2:01
44 Defense
1 - 53% - 52% - 2:40
2 - 47% - 48% - 2:20
Last Minute Offensive  - 0:00
Last Minute Defensive  - 0:00
Total
Forward - 65:00
Defense - 65:00

Play by Play

1st period


0:01 of 1st period - David Backes wins face-off versus Claude Giroux in neutral zone.
0:22 of 1st period - Shot by Claude Giroux.
0:22 of 1st period - Goal by Claude Giroux - Stars : 0 - Canucks : 1.
0:23 of 1st period - Eric Staal wins face-off versus Ryan Johansen in neutral zone.
0:30 of 1st period - Shot by Patrik Elias.
0:30 of 1st period - Shot Misses the Net.
0:42 of 1st period - Shot by Logan Couture.
0:42 of 1st period - Stopped by Ben Bishop with a rebound.
0:44 of 1st period - Shot by Logan Couture.
0:44 of 1st period - Shot Blocked by Mark Stuart.
0:46 of 1st period - Shot by Logan Couture.
0:46 of 1st period - Stopped by Ben Bishop without a rebound.
0:47 of 1st period - Marcus Kruger wins face-off versus John Mitchell in Stars zone.
1:07 of 1st period - Minor Penalty to Clayton Stoner for Tripping.
1:08 of 1st period - Ryan Johansen wins face-off versus David Backes in Stars zone.
1:41 of 1st period - Shot by Erik Karlsson.
1:41 of 1st period - Shot Blocked by Kris Letang.
1:46 of 1st period - Logan Couture is hit by Kris Letang and loses puck.
1:49 of 1st period - Shot by Andrei Markov.
1:49 of 1st period - Stopped by Ben Bishop without a rebound.
1:50 of 1st period - Tyler Seguin wins face-off versus Evgeny Kuznetsov in Stars zone.
1:50 of 1st period - Tyler Seguin is hit by Adam Henrique.
2:30 of 1st period - Shot by Alex Pietrangelo.
2:30 of 1st period - Stopped by Ben Bishop with a rebound.
2:32 of 1st period - Shot by Brent Burns.
2:32 of 1st period - Shot Misses the Net.
2:34 of 1st period - Shot by Evgeny Kuznetsov.
2:34 of 1st period - Stopped by Ben Bishop with a rebound.
2:46 of 1st period - Shot by Claude Giroux.
2:46 of 1st period - Shot Blocked by Kris Letang.
3:25 of 1st period - Claude Giroux is hit by Mark Stuart.
3:39 of 1st period - Shot by Claude Giroux.
3:39 of 1st period - Stopped by Ben Bishop without a rebound.
3:40 of 1st period - John Mitchell wins face-off versus Adam Henrique in Stars zone.
3:40 of 1st period - John Mitchell is hit by Jimmy Hayes.
4:04 of 1st period - Adam Henrique is hit by Clayton Stoner and loses puck.
4:08 of 1st period - Minor Penalty to Jimmy Hayes for Hooking.
4:09 of 1st period - Eric Staal wins face-off versus Marcus Kruger in Canucks zone.
4:28 of 1st period - Shot by Anthony Duclair.
4:28 of 1st period - Stopped by Henrik Lundqvist without a rebound.
4:29 of 1st period - Marcus Kruger wins face-off versus David Backes in Canucks zone.
4:58 of 1st period - Shot by Olli Maatta.
4:58 of 1st period - Shot Misses the Net.
5:00 of 1st period - Shot by David Backes.
5:00 of 1st period - Stopped by Henrik Lundqvist without a rebound.
5:01 of 1st period - Eric Staal wins face-off versus Logan Couture in Canucks zone.
5:08 of 1st period - Shot by Kris Letang.
5:08 of 1st period - Shot Misses the Net.
5:10 of 1st period - Shot by Nikita Kucherov.
5:10 of 1st period - Shot Misses the Net.
5:12 of 1st period - Shot by Kris Letang.
5:12 of 1st period - Stopped by Henrik Lundqvist with a rebound.
5:14 of 1st period - Shot by Kris Letang.
5:14 of 1st period - Shot Blocked by Adam Henrique.
5:16 of 1st period - Shot by Anthony Duclair.
5:16 of 1st period - Stopped by Henrik Lundqvist without a rebound.
5:17 of 1st period - Logan Couture wins face-off versus Nikita Kucherov in Canucks zone.
5:52 of 1st period - Shot by Kris Letang.
5:52 of 1st period - Shot Blocked by Jonas Brodin.
6:07 of 1st period - Icing by Tyler Seguin.
6:08 of 1st period - Ryan Johansen wins face-off versus David Backes in Stars zone.
6:18 of 1st period - Shot by Logan Couture.
6:18 of 1st period - Stopped by Ben Bishop without a rebound.
6:19 of 1st period - David Backes wins face-off versus Claude Giroux in Stars zone.
6:19 of 1st period - David Backes is hit by Ryan Strome.
6:33 of 1st period - Shot by Evgeni Malkin.
6:33 of 1st period - Shot Blocked by Andrei Markov.
6:41 of 1st period - Claude Giroux is hit by David Backes.
6:45 of 1st period - Andrei Markov is hit by David Backes and loses puck.
7:34 of 1st period - Shot by Patrik Elias.
7:34 of 1st period - Shot Misses the Net.
8:12 of 1st period - Kris Letang is hit by Logan Couture and loses puck.
8:38 of 1st period - Icing by Clayton Stoner.
8:39 of 1st period - Evgeny Kuznetsov wins face-off versus John Mitchell in Stars zone.
9:28 of 1st period - Minor Penalty to Chris Kreider for Holding Stick.
9:29 of 1st period - Logan Couture wins face-off versus David Backes in Canucks zone.
10:03 of 1st period - Shot by Kris Letang.
10:03 of 1st period - Stopped by Henrik Lundqvist with a rebound.
10:05 of 1st period - Shot by David Backes.
10:05 of 1st period - Goal by David Backes - Stars : 1 - Canucks : 1.
10:06 of 1st period - Claude Giroux wins face-off versus Eric Staal in neutral zone.
10:28 of 1st period - Icing by Mark Stuart.
10:29 of 1st period - Eric Staal wins face-off versus Ryan Johansen in Stars zone.
10:42 of 1st period - Shot by Ryan Johansen.
10:42 of 1st period - Stopped by Ben Bishop without a rebound.
10:43 of 1st period - Claude Giroux wins face-off versus David Backes in Stars zone.
10:49 of 1st period - Ryan Strome is hit by Kris Letang.
11:07 of 1st period - Shot by Ryan Strome.
11:07 of 1st period - Stopped by Ben Bishop with a rebound.
11:27 of 1st period - Shot by Evgeni Malkin.
11:27 of 1st period - Shot Blocked by Brent Burns.
11:28 of 1st period - Minor Penalty to Simon Despres for High sticking.
11:29 of 1st period - Logan Couture wins face-off versus Eric Staal in Canucks zone.
11:48 of 1st period - Icing by Patrik Elias.
11:49 of 1st period - Marcus Kruger wins face-off versus Eric Staal in Stars zone.
12:43 of 1st period - Off-side.
12:44 of 1st period - David Backes wins face-off versus Marcus Kruger in neutral zone.
12:46 of 1st period - Olli Maatta is hit by Matt Cooke and loses puck.
14:25 of 1st period - Eric Staal is hit by Andrei Markov and loses puck.
15:47 of 1st period - Shot by Phil Kessel.
15:47 of 1st period - Stopped by Ben Bishop with a rebound.
15:49 of 1st period - Shot by Logan Couture.
15:49 of 1st period - Deflect By Phil Kessel.
15:49 of 1st period - Stopped by Ben Bishop without a rebound.
15:50 of 1st period - Claude Giroux wins face-off versus David Backes in Stars zone.
16:01 of 1st period - Shot by Claude Giroux.
16:01 of 1st period - Stopped by Ben Bishop without a rebound.
16:02 of 1st period - Reilly Smith wins face-off versus David Backes in Stars zone.
16:19 of 1st period - Shot by Evgeni Malkin.
16:19 of 1st period - Stopped by Henrik Lundqvist with a rebound.
16:21 of 1st period - Shot by David Backes.
16:21 of 1st period - Stopped by Henrik Lundqvist without a rebound.
16:22 of 1st period - Ryan Johansen wins face-off versus John Mitchell in Canucks zone.
16:39 of 1st period - Shot by John Mitchell.
16:39 of 1st period - Shot Misses the Net.
16:44 of 1st period - Kyle Palmieri is hit by Alex Pietrangelo.
17:02 of 1st period - Shot by Logan Couture.
17:02 of 1st period - Stopped by Ben Bishop with a rebound.
17:23 of 1st period - Andrei Markov is hit by David Backes and loses puck.
17:40 of 1st period - Shot by Tyler Seguin.
17:40 of 1st period - Shot Misses the Net.
17:44 of 1st period - Shot by Tyler Seguin.
17:44 of 1st period - Stopped by Henrik Lundqvist without a rebound.
17:45 of 1st period - Claude Giroux wins face-off versus Tyler Gaudet in Canucks zone.
18:13 of 1st period - Off-side.
18:14 of 1st period - David Backes wins face-off versus Marcus Kruger in neutral zone.
18:26 of 1st period - Icing by Brent Burns.
18:27 of 1st period - Jimmy Hayes wins face-off versus Eric Staal in Canucks zone.
19:36 of 1st period - Shot by Evgeni Malkin.
19:36 of 1st period - Shot Misses the Net.
19:38 of 1st period - Shot by David Backes.
19:38 of 1st period - Shot Misses the Net.
19:40 of 1st period - Shot by David Backes.
19:40 of 1st period - Shot Misses the Net.
19:48 of 1st period - Shot by Evgeni Malkin.
19:48 of 1st period - Stopped by Henrik Lundqvist without a rebound.
19:49 of 1st period - Ryan Johansen wins face-off versus John Mitchell in Canucks zone.
19:49 of 1st period - Ryan Johansen is hit by John Mitchell.
Goals for this period are 1 for Stars vs 1 for Canucks.
Shots for this period are 10 for Stars vs 14 for Canucks.

2nd period


0:01 of 2nd period - Claude Giroux wins face-off versus David Backes in neutral zone.
1:26 of 2nd period - Shot by Nikita Kucherov.
1:26 of 2nd period - Deflect By Eric Staal.
1:26 of 2nd period - Stopped by Henrik Lundqvist with a rebound.
1:28 of 2nd period - Shot by Patrik Elias.
1:28 of 2nd period - Stopped by Henrik Lundqvist without a rebound.
1:29 of 2nd period - Marcus Kruger wins face-off versus John Mitchell in Canucks zone.
1:29 of 2nd period - Marcus Kruger is hit by John Mitchell.
1:54 of 2nd period - Minor Penalty to Clayton Stoner for Hooking.
1:55 of 2nd period - David Backes wins face-off versus Claude Giroux in Stars zone.
2:20 of 2nd period - Shot by Claude Giroux.
2:20 of 2nd period - Stopped by Ben Bishop without a rebound.
2:21 of 2nd period - David Backes wins face-off versus Evgeny Kuznetsov in Stars zone.
2:21 of 2nd period - David Backes is hit by Evgeny Kuznetsov.
2:28 of 2nd period - Olli Maatta is hit by Evgeny Kuznetsov and loses puck.
2:33 of 2nd period - Shot by Phil Kessel.
2:33 of 2nd period - Stopped by Ben Bishop without a rebound.
2:34 of 2nd period - David Backes wins face-off versus Claude Giroux in Stars zone.
2:45 of 2nd period - Shot by Claude Giroux.
2:45 of 2nd period - Stopped by Ben Bishop without a rebound.
2:46 of 2nd period - Tyler Seguin wins face-off versus Evgeny Kuznetsov in Stars zone.
3:17 of 2nd period - Shot by Adam Henrique.
3:17 of 2nd period - Shot Misses the Net.
4:10 of 2nd period - Shot by Chris Kreider.
4:10 of 2nd period - Shot Blocked by Rob Scuderi.
4:12 of 2nd period - Shot by Chris Kreider.
4:12 of 2nd period - Goal by Chris Kreider - Stars : 1 - Canucks : 2.
4:13 of 2nd period - Ryan Johansen wins face-off versus John Mitchell in neutral zone.
4:30 of 2nd period - Shot by Anthony Duclair.
4:30 of 2nd period - Stopped by Henrik Lundqvist without a rebound.
4:31 of 2nd period - Marcus Kruger wins face-off versus Eric Staal in Canucks zone.
4:31 of 2nd period - Marcus Kruger is hit by Nikita Kucherov.
4:32 of 2nd period - Minor Penalty to Nikita Kucherov for Hooking.
4:33 of 2nd period - Claude Giroux wins face-off versus Tyler Seguin in Stars zone.
4:41 of 2nd period - Icing by Brent Burns.
4:42 of 2nd period - Logan Couture wins face-off versus Tyler Seguin in Canucks zone.
5:58 of 2nd period - Icing by Erik Karlsson.
5:59 of 2nd period - Evgeny Kuznetsov wins face-off versus Tyler Seguin in Canucks zone.
6:06 of 2nd period - Shot by Adam Henrique.
6:06 of 2nd period - Deflect By Phil Kessel.
6:06 of 2nd period - Shot Misses the Net.
6:08 of 2nd period - Shot by Andrei Markov.
6:08 of 2nd period - Stopped by Ben Bishop without a rebound.
6:09 of 2nd period - Ryan Johansen wins face-off versus Tyler Seguin in Stars zone.
6:41 of 2nd period - Minor Penalty to Clayton Stoner for High sticking.
6:42 of 2nd period - David Backes wins face-off versus Evgeny Kuznetsov in Stars zone.
8:13 of 2nd period - Icing by Andrei Markov.
8:14 of 2nd period - Claude Giroux wins face-off versus David Backes in Canucks zone.
8:43 of 2nd period - Shot by Phil Kessel.
8:43 of 2nd period - Shot Misses the Net.
9:12 of 2nd period - Icing by Simon Despres.
9:13 of 2nd period - Evgeny Kuznetsov wins face-off versus Nikita Kucherov in Canucks zone.
9:13 of 2nd period - Evgeny Kuznetsov is hit by Nikita Kucherov.
9:19 of 2nd period - Patrik Elias is hit by Reilly Smith.
9:28 of 2nd period - Shot by Nikita Kucherov.
9:28 of 2nd period - Stopped by Henrik Lundqvist without a rebound.
9:29 of 2nd period - Tyler Gaudet wins face-off versus Marcus Kruger in Canucks zone.
10:07 of 2nd period - Icing by Mark Stuart.
10:08 of 2nd period - Claude Giroux wins face-off versus Tyler Gaudet in Stars zone.
10:53 of 2nd period - Shot by Tyler Seguin.
10:53 of 2nd period - Deflect By Evgeni Malkin.
10:53 of 2nd period - Stopped by Henrik Lundqvist with a rebound.
11:21 of 2nd period - Icing by Patrik Elias.
11:22 of 2nd period - Marcus Kruger wins face-off versus Eric Staal in Stars zone.
11:29 of 2nd period - Shot by Adam Henrique.
11:29 of 2nd period - Shot Misses the Net.
11:31 of 2nd period - Shot by Brent Burns.
11:31 of 2nd period - Shot Misses the Net.
11:33 of 2nd period - Shot by Simon Despres.
11:33 of 2nd period - Shot Blocked by Clayton Stoner.
11:57 of 2nd period - Marcus Kruger is hit by Vyacheslav Voynov and loses puck.
12:11 of 2nd period - Icing by Vyacheslav Voynov.
12:12 of 2nd period - Ryan Johansen wins face-off versus Eric Staal in Stars zone.
12:37 of 2nd period - Shot by Logan Couture.
12:37 of 2nd period - Stopped by Ben Bishop without a rebound.
12:38 of 2nd period - David Backes wins face-off versus Claude Giroux in Stars zone.
13:00 of 2nd period - Erik Karlsson is hit by David Backes.
13:06 of 2nd period - Shot by Ryan Strome.
13:06 of 2nd period - Shot Misses the Net.
13:08 of 2nd period - Shot by Ryan Strome.
13:08 of 2nd period - Shot Misses the Net.
13:10 of 2nd period - Shot by Erik Karlsson.
13:10 of 2nd period - Shot Misses the Net.
13:12 of 2nd period - Shot by Ryan Strome.
13:12 of 2nd period - Shot Misses the Net.
14:00 of 2nd period - Ryan Johansen is hit by David Backes and loses puck.
14:10 of 2nd period - Logan Couture is hit by Kris Letang and loses puck.
14:40 of 2nd period - Icing by Simon Despres.
14:41 of 2nd period - Marcus Kruger wins face-off versus Eric Staal in Canucks zone.
15:29 of 2nd period - Shot by Erik Karlsson.
15:29 of 2nd period - Stopped by Ben Bishop without a rebound.
15:30 of 2nd period - John Mitchell wins face-off versus Ryan Johansen in Stars zone.
15:35 of 2nd period - Shot by Anthony Duclair.
15:35 of 2nd period - Stopped by Henrik Lundqvist without a rebound.
15:36 of 2nd period - Claude Giroux wins face-off versus John Mitchell in Canucks zone.
15:51 of 2nd period - Shot by Anthony Duclair.
15:51 of 2nd period - Stopped by Henrik Lundqvist with a rebound.
15:57 of 2nd period - Shot by Kyle Palmieri.
15:57 of 2nd period - Stopped by Henrik Lundqvist without a rebound.
15:57 of 2nd period - Major / Game Misconduct Penalty to Alex Pietrangelo for Checking from behind.
15:57 of 2nd period - Alex Pietrangelo is ejected from game.
15:58 of 2nd period - Logan Couture wins face-off versus Nikita Kucherov in Canucks zone.
16:15 of 2nd period - Shot by Anthony Duclair.
16:15 of 2nd period - Shot Blocked by Simon Despres.
16:17 of 2nd period - Shot by Kris Letang.
16:17 of 2nd period - Stopped by Henrik Lundqvist without a rebound.
16:18 of 2nd period - Nikita Kucherov wins face-off versus Logan Couture in Canucks zone.
16:25 of 2nd period - Shot by Eric Staal.
16:25 of 2nd period - Deflect By Nikita Kucherov.
16:25 of 2nd period - Shot Misses the Net.
17:12 of 2nd period - David Backes is hit by Brent Burns and loses puck.
18:30 of 2nd period - Shot by Nikita Kucherov.
18:30 of 2nd period - Stopped by Henrik Lundqvist without a rebound.
18:31 of 2nd period - Eric Staal wins face-off versus Logan Couture in Canucks zone.
18:47 of 2nd period - Icing by Olli Maatta.
18:48 of 2nd period - Eric Staal wins face-off versus Marcus Kruger in Stars zone.
19:36 of 2nd period - Shot by Tyler Seguin.
19:36 of 2nd period - Shot Blocked by Brent Burns.
19:38 of 2nd period - Shot by Clayton Stoner.
19:38 of 2nd period - Stopped by Henrik Lundqvist with a rebound.
19:40 of 2nd period - Shot by Clayton Stoner.
19:40 of 2nd period - Shot Blocked by Simon Despres.
19:44 of 2nd period - Shot by David Backes.
19:44 of 2nd period - Deflect By Tyler Seguin.
19:44 of 2nd period - Stopped by Henrik Lundqvist without a rebound.
19:45 of 2nd period - Eric Staal wins face-off versus Marcus Kruger in Canucks zone.
19:46 of 2nd period - Shot by Patrik Elias.
19:46 of 2nd period - Stopped by Henrik Lundqvist with a rebound.
Goals for this period are 0 for Stars vs 1 for Canucks.
Shots for this period are 13 for Stars vs 7 for Canucks.

3rd period


0:01 of 3rd period - Marcus Kruger wins face-off versus David Backes in neutral zone.
0:32 of 3rd period - Shot by Kris Letang.
0:32 of 3rd period - Stopped by Henrik Lundqvist without a rebound.
0:33 of 3rd period - Eric Staal wins face-off versus Marcus Kruger in Canucks zone.
1:34 of 3rd period - Shot by Ryan Strome.
1:34 of 3rd period - Deflect By Claude Giroux.
1:34 of 3rd period - Stopped by Ben Bishop with a rebound.
1:36 of 3rd period - Shot by Claude Giroux.
1:36 of 3rd period - Goal by Claude Giroux - Stars : 1 - Canucks : 3.
1:37 of 3rd period - David Backes wins face-off versus Ryan Johansen in neutral zone.
2:35 of 3rd period - Off-side.
2:36 of 3rd period - Eric Staal wins face-off versus Claude Giroux in neutral zone.
3:08 of 3rd period - Nikita Kucherov is hit by Simon Despres and loses puck.
3:11 of 3rd period - Shot by Nikita Kucherov.
3:11 of 3rd period - Shot Blocked by Chris Kreider.
3:19 of 3rd period - Shot by Nikita Kucherov.
3:19 of 3rd period - Shot Blocked by Brent Burns.
3:26 of 3rd period - Icing by Brent Burns.
3:27 of 3rd period - Claude Giroux wins face-off versus John Mitchell in Canucks zone.
3:52 of 3rd period - Shot by Anthony Duclair.
3:52 of 3rd period - Stopped by Henrik Lundqvist without a rebound.
3:53 of 3rd period - David Backes wins face-off versus Ryan Johansen in Canucks zone.
3:58 of 3rd period - Shot by Tyler Seguin.
3:58 of 3rd period - Stopped by Henrik Lundqvist without a rebound.
3:59 of 3rd period - David Backes wins face-off versus Ryan Johansen in Canucks zone.
4:00 of 3rd period - Shot by Evgeni Malkin.
4:00 of 3rd period - Shot Misses the Net.
4:30 of 3rd period - Minor Penalty to Kris Letang for Hooking.
4:31 of 3rd period - Evgeny Kuznetsov wins face-off versus David Backes in Stars zone.
5:00 of 3rd period - Shot by Phil Kessel.
5:00 of 3rd period - Stopped by Ben Bishop without a rebound.
5:01 of 3rd period - Tyler Seguin wins face-off versus Claude Giroux in Stars zone.
5:18 of 3rd period - Shot by Ryan Johansen.
5:18 of 3rd period - Stopped by Ben Bishop without a rebound.
5:19 of 3rd period - David Backes wins face-off versus Logan Couture in Stars zone.
5:49 of 3rd period - Shot by Erik Karlsson.
5:49 of 3rd period - Stopped by Ben Bishop without a rebound.
5:50 of 3rd period - Tyler Seguin wins face-off versus Evgeny Kuznetsov in Stars zone.
5:55 of 3rd period - Jonas Brodin is hit by Mark Stuart and loses puck.
6:36 of 3rd period - Shot by Kyle Palmieri.
6:36 of 3rd period - Shot Blocked by Andrei Markov.
6:38 of 3rd period - Shot by John Mitchell.
6:38 of 3rd period - Stopped by Henrik Lundqvist with a rebound.
6:40 of 3rd period - Shot by Clayton Stoner.
6:40 of 3rd period - Shot Misses the Net.
7:06 of 3rd period - Shot by Claude Giroux.
7:06 of 3rd period - Shot Misses the Net.
7:21 of 3rd period - Off-side.
7:22 of 3rd period - David Backes wins face-off versus Marcus Kruger in neutral zone.
7:37 of 3rd period - Shot by Tyler Seguin.
7:37 of 3rd period - Stopped by Henrik Lundqvist without a rebound.
7:38 of 3rd period - Logan Couture wins face-off versus Eric Staal in Canucks zone.
7:38 of 3rd period - Erik Karlsson is hit by Eric Staal and loses puck.
7:42 of 3rd period - Ryan Johansen is hit by Nikita Kucherov and loses puck.
7:55 of 3rd period - Shot by Eric Staal.
7:55 of 3rd period - Stopped by Henrik Lundqvist without a rebound.
7:56 of 3rd period - Marcus Kruger wins face-off versus David Backes in Canucks zone.
8:03 of 3rd period - Shot by Evgeni Malkin.
8:03 of 3rd period - Stopped by Henrik Lundqvist without a rebound.
8:04 of 3rd period - Claude Giroux wins face-off versus David Backes in Canucks zone.
8:04 of 3rd period - Claude Giroux is hit by David Backes.
8:16 of 3rd period - Shot by Claude Giroux.
8:16 of 3rd period - Deflect By Ryan Strome.
8:16 of 3rd period - Shot Misses the Net.
8:20 of 3rd period - Shot by Claude Giroux.
8:20 of 3rd period - Stopped by Ben Bishop without a rebound.
8:21 of 3rd period - Ryan Johansen wins face-off versus Patrik Elias in Stars zone.
8:24 of 3rd period - Shot by Ryan Johansen.
8:24 of 3rd period - Stopped by Ben Bishop without a rebound.
8:25 of 3rd period - Claude Giroux wins face-off versus David Backes in Stars zone.
8:30 of 3rd period - Shot by Ryan Strome.
8:30 of 3rd period - Stopped by Ben Bishop without a rebound.
8:31 of 3rd period - David Backes wins face-off versus Claude Giroux in Stars zone.
8:31 of 3rd period - David Backes is hit by Chris Kreider.
8:47 of 3rd period - Chris Kreider is hit by David Backes and loses puck.
8:53 of 3rd period - Icing by Chris Kreider.
8:54 of 3rd period - Eric Staal wins face-off versus Claude Giroux in Canucks zone.
9:01 of 3rd period - Shot by Eric Staal.
9:01 of 3rd period - Shot Blocked by Jonas Brodin.
9:06 of 3rd period - Off-side.
9:07 of 3rd period - David Backes wins face-off versus Ryan Johansen in neutral zone.
9:31 of 3rd period - Shot by Evgeni Malkin.
9:31 of 3rd period - Deflect By Tyler Seguin.
9:31 of 3rd period - Shot Hit the Post.
10:26 of 3rd period - Shot by Patrik Elias.
10:26 of 3rd period - Shot Misses the Net.
10:41 of 3rd period - Icing by Mark Stuart.
10:42 of 3rd period - Marcus Kruger wins face-off versus Eric Staal in Stars zone.
10:59 of 3rd period - Marcus Kruger beats up Rob Scuderi.
10:59 of 3rd period - Penalty to Marcus Kruger for Fighting.
10:59 of 3rd period - Penalty to Rob Scuderi for Fighting.
10:59 of 3rd period - Penalty to Rob Scuderi for instigated a fight.
10:59 of 3rd period - Rob Scuderi is ejected from game.
11:00 of 3rd period - David Backes wins face-off versus Logan Couture in Stars zone.
11:33 of 3rd period - Shot by Claude Giroux.
11:33 of 3rd period - Stopped by Ben Bishop without a rebound.
11:34 of 3rd period - Evgeni Malkin wins face-off versus Evgeny Kuznetsov in Stars zone.
13:03 of 3rd period - Shot by Claude Giroux.
13:03 of 3rd period - Shot Misses the Net.
13:06 of 3rd period - Icing by Vyacheslav Voynov.
13:07 of 3rd period - John Mitchell wins face-off versus Claude Giroux in Stars zone.
13:07 of 3rd period - John Mitchell is hit by Chris Kreider.
13:10 of 3rd period - Icing by Anthony Duclair.
13:11 of 3rd period - John Mitchell wins face-off versus Ryan Johansen in Stars zone.
13:17 of 3rd period - John Mitchell is hit by Erik Karlsson and loses puck.
13:38 of 3rd period - Shot by Kyle Palmieri.
13:38 of 3rd period - Stopped by Henrik Lundqvist without a rebound.
13:39 of 3rd period - Jimmy Hayes wins face-off versus Nikita Kucherov in Canucks zone.
13:41 of 3rd period - Icing by Ryan Johansen.
13:42 of 3rd period - Adam Henrique wins face-off versus Tyler Seguin in Canucks zone.
14:24 of 3rd period - Shot by Tyler Seguin.
14:24 of 3rd period - Shot Misses the Net.
14:40 of 3rd period - Shot by Eric Staal.
14:40 of 3rd period - Stopped by Henrik Lundqvist with a rebound.
14:42 of 3rd period - Shot by Eric Staal.
14:42 of 3rd period - Deflect By Nikita Kucherov.
14:42 of 3rd period - Goal by Nikita Kucherov - Stars : 2 - Canucks : 3.
14:43 of 3rd period - Patrik Elias wins face-off versus Claude Giroux in neutral zone.
14:43 of 3rd period - Patrik Elias is hit by Chris Kreider.
14:53 of 3rd period - Shot by Eric Staal.
14:53 of 3rd period - Goal by Eric Staal - Stars : 3 - Canucks : 3.
14:54 of 3rd period - Evgeny Kuznetsov wins face-off versus John Mitchell in neutral zone.
15:05 of 3rd period - Shot by Evgeny Kuznetsov.
15:05 of 3rd period - Stopped by Ben Bishop with a rebound.
15:07 of 3rd period - Shot by Reilly Smith.
15:07 of 3rd period - Stopped by Ben Bishop without a rebound.
15:08 of 3rd period - Claude Giroux wins face-off versus Eric Staal in Stars zone.
15:08 of 3rd period - Claude Giroux is hit by Kris Letang.
15:11 of 3rd period - Minor Penalty to Chris Kreider for Cross-checking.
15:12 of 3rd period - Adam Henrique wins face-off versus David Backes in Canucks zone.
15:44 of 3rd period - Evgeni Malkin is hit by Simon Despres and loses puck.
15:53 of 3rd period - Shot by Evgeni Malkin.
15:53 of 3rd period - Stopped by Henrik Lundqvist without a rebound.
15:54 of 3rd period - Adam Henrique wins face-off versus Patrik Elias in Canucks zone.
16:16 of 3rd period - Brent Burns is hit by Nikita Kucherov.
16:28 of 3rd period - Shot by Anthony Duclair.
16:28 of 3rd period - Stopped by Henrik Lundqvist without a rebound.
16:29 of 3rd period - David Backes wins face-off versus Marcus Kruger in Canucks zone.
16:30 of 3rd period - Shot by Evgeni Malkin.
16:30 of 3rd period - Stopped by Henrik Lundqvist without a rebound.
16:31 of 3rd period - Logan Couture wins face-off versus David Backes in Canucks zone.
16:31 of 3rd period - Logan Couture is hit by David Backes.
17:17 of 3rd period - Claude Giroux is hit by Mark Stuart and loses puck.
17:23 of 3rd period - Minor Penalty to Mark Stuart for Hooking.
17:24 of 3rd period - Claude Giroux wins face-off versus David Backes in Stars zone.
17:25 of 3rd period - Shot by Logan Couture.
17:25 of 3rd period - Shot Misses the Net.
17:27 of 3rd period - Shot by Jonas Brodin.
17:27 of 3rd period - Shot Misses the Net.
17:29 of 3rd period - Shot by Logan Couture.
17:29 of 3rd period - Stopped by Ben Bishop without a rebound.
17:30 of 3rd period - David Backes wins face-off versus Claude Giroux in Stars zone.
18:00 of 3rd period - Shot by Brent Burns.
18:00 of 3rd period - Shot Misses the Net.
18:02 of 3rd period - Shot by Jonas Brodin.
18:02 of 3rd period - Stopped by Ben Bishop without a rebound.
18:03 of 3rd period - Evgeny Kuznetsov wins face-off versus David Backes in Stars zone.
18:21 of 3rd period - Shot by Andrei Markov.
18:21 of 3rd period - Stopped by Ben Bishop without a rebound.
18:22 of 3rd period - David Backes wins face-off versus Claude Giroux in Stars zone.
19:19 of 3rd period - David Backes is hit by Phil Kessel and loses puck.
19:50 of 3rd period - Shot by Adam Henrique.
19:50 of 3rd period - Shot Blocked by Kris Letang.
Goals for this period are 2 for Stars vs 1 for Canucks.
Shots for this period are 14 for Stars vs 14 for Canucks.

Overtime #1


0:01 of 1st overtime period - Claude Giroux wins face-off versus Evgeni Malkin in neutral zone.
0:14 of 1st overtime period - Shot by Reilly Smith.
0:14 of 1st overtime period - Stopped by Ben Bishop without a rebound.
0:15 of 1st overtime period - Claude Giroux wins face-off versus Evgeni Malkin in Stars zone.
0:18 of 1st overtime period - Shot by Claude Giroux.
0:18 of 1st overtime period - Stopped by Ben Bishop without a rebound.
0:19 of 1st overtime period - Evgeni Malkin wins face-off versus Claude Giroux in Stars zone.
0:19 of 1st overtime period - Evgeni Malkin is hit by Claude Giroux.
0:31 of 1st overtime period - Shot by Claude Giroux.
0:31 of 1st overtime period - Shot Blocked by Kris Letang.
1:32 of 1st overtime period - Shot by Ryan Strome.
1:32 of 1st overtime period - Stopped by Ben Bishop with a rebound.
1:34 of 1st overtime period - Shot by Ryan Strome.
1:34 of 1st overtime period - Shot Misses the Net.
1:38 of 1st overtime period - Shot by Ryan Strome.
1:38 of 1st overtime period - Stopped by Ben Bishop without a rebound.
1:39 of 1st overtime period - Claude Giroux wins face-off versus Evgeni Malkin in Stars zone.
1:58 of 1st overtime period - Shot by Claude Giroux.
1:58 of 1st overtime period - Shot Misses the Net.
2:40 of 1st overtime period - Shot by Anthony Duclair.
2:40 of 1st overtime period - Shot Misses the Net.
2:58 of 1st overtime period - Shot by Eric Staal.
2:58 of 1st overtime period - Stopped by Henrik Lundqvist with a rebound.
3:13 of 1st overtime period - Icing by Eric Staal.
3:14 of 1st overtime period - Eric Staal wins face-off versus Claude Giroux in Stars zone.
3:35 of 1st overtime period - Shot by Claude Giroux.
3:35 of 1st overtime period - Stopped by Ben Bishop without a rebound.
3:36 of 1st overtime period - Claude Giroux wins face-off versus Evgeni Malkin in Stars zone.
Goals for this period are 0 for Stars vs 0 for Canucks.
Shots for this period are 1 for Stars vs 5 for Canucks.

ShootOut


5:00 of 1st overtime period - Penalty Shot by Tyler Seguin for Stars.
5:00 of 1st overtime period - Stopped by Henrik Lundqvist.
5:00 of 1st overtime period - Penalty Shot by Claude Giroux for Canucks.
5:00 of 1st overtime period - Goal by Claude Giroux.
5:00 of 1st overtime period - Penalty Shot by Evgeni Malkin for Stars.
5:00 of 1st overtime period - Goal by Evgeni Malkin.
5:00 of 1st overtime period - Penalty Shot by Ryan Johansen for Canucks.
5:00 of 1st overtime period - Shot Misses the Net.
5:00 of 1st overtime period - Penalty Shot by Nikita Kucherov for Stars.
5:00 of 1st overtime period - Stopped by Henrik Lundqvist.
5:00 of 1st overtime period - Penalty Shot by Brent Burns for Canucks.
5:00 of 1st overtime period - Goal by Brent Burns.